[Event "ICC tourney 2266 (75 10)"]
[Site "Internet Chess Club"]
[Date "2021.01.03"]
[Round "5"]
[White "greenninja"]
[Black "e4betterthand4"]
[Result "1-0"]
[ICCResult "Black checkmated"]
[WhiteElo "2025"]
[BlackElo "2130"]
[Opening "French: Tarrasch, closed variation"]
[ECO "C05"]
[NIC "FR.17"]
[Time "14:32:05"]
[PlyCount "125"]
[TimeControl "4500+10"]

1. e4 e6 2. d4 d5 3. Nd2 Nf6 4. e5 Nfd7 5. Bd3 c5 6. c3 Nc6 7. Ne2 Qb6 8.
Nf3 cxd4 9. cxd4 f6 10. exf6 Nxf6 11. O-O Bd6 12. b3 e5 13. dxe5 Nxe5 14.
Nxe5 Bxe5 15. Rb1 O-O 16. Bb2 Bxh2+ 17. Kxh2 Ng4+ 18. Kg3 Rxf2 19. Bxh7+
Kxh7 20. Qd4 Qc7+ 21. Nf4 Rxf1 22. Rxf1 Nf6 23. Qd3+ Kg8 24. Bxf6 gxf6 25.
Qg6+ Qg7 26. Qxg7+ Kxg7 27. Nxd5 f5 28. Rc1 Kf7 29. Kf4 Bd7 30. Rc7 Ke6 31.
Ne3 Bc6 32. g3 Rf8 33. Rh7 Rf6 34. Rh5 Be4 35. g4 Bb1 36. gxf5+ Kd6 37. a3
Rf7 38. Rh6+ Kc5 39. Ke5 Ba2 40. b4+ Kb5 41. Nd1 Ka4 42. Nc3+ Kxa3 43. Nxa2
Kxa2 44. f6 Kb3 45. Rh4 Rc7 46. Kd6 Rc1 47. f7 Rf1 48. Ke7 Re1+ 49. Kf8 b5
50. Rg4 Ka4 51. Kg8 Rf1 52. f8=Q Rxf8+ 53. Kxf8 a5 54. bxa5+ Kxa5 55. Ke7
b4 56. Kd6 Ka4 57. Kc5 Ka3 58. Rxb4 Ka2 59. Kc4 Ka3 60. Kc3 Ka2 61. Rb5 Ka1
62. Kc2 Ka2 63. Ra5# { Black checkmated } 1-0

[Event "ICC tourney 2266 (75 10)"]
[Site "Internet Chess Club"]
[Date "2021.01.03"]
[Round "5"]
[White "GeorgeDai"]
[Black "BreatheChessAls"]
[Result "1-0"]
[ICCResult "Black checkmated"]
[WhiteElo "2086"]
[BlackElo "1941"]
[Opening "QGD Slav defense: exchange variation"]
[ECO "D10"]
[NIC "SL.01"]
[Time "14:31:39"]
[PlyCount "239"]
[TimeControl "4500+10"]

1. d4 d5 2. c4 c6 3. cxd5 c5 4. dxc5 e6 5. dxe6 Qxd1+ 6. Kxd1 Bxe6 7. Nc3
Bxc5 8. e3 Nc6 9. Bb5 O-O-O+ 10. Ke2 Nge7 11. Nf3 a6 12. Bxc6 Nxc6 13. b3
Bf5 14. e4 Bg4 15. Be3 Nd4+ 16. Bxd4 Bxd4 17. Rac1 Kb8 18. h3 Bh5 19. g4
Bxc3 20. Rxc3 Bg6 21. Nd2 h5 22. Rcc1 Rd4 23. f3 Rhd8 24. Rhd1 hxg4 25.
hxg4 Rh8 26. Ke3 Rhd8 27. Ke2 Rh8 28. Nf1 Rxd1 29. Rxd1 Rc8 30. Ne3 Rh8 31.
Rd2 Rh2+ 32. Kd3 Rh3 33. Rf2 Rh8 34. Nf5 Bxf5 35. gxf5 Rd8+ 36. Ke3 f6 37.
Rd2 Rc8 38. Rd7 Rc2 39. Rxg7 Rxa2 40. Rd7 Rb2 41. Rd3 b5 42. Kd4 Kc7 43.
Kd5 Kd7 44. Kc5+ Kc7 45. b4 Rc2+ 46. Kd5 Kd7 47. Ra3 Rd2+ 48. Kc5 Rd6 49.
f4 Rc6+ 50. Kd4 Rc4+ 51. Kd3 Rxb4 52. Rxa6 Ke7 53. Ra7+ Kd6 54. Rf7 Kc5 55.
Rxf6 Rb3+ 56. Kc2 Rf3 57. e5 Rxf4 58. e6 Re4 59. Rf7 Kd6 60. Kb3 Re1 61.
Kb4 Rb1+ 62. Ka5 Kc5 63. Rc7+ Kd6 64. e7 Re1 65. f6 Kxc7 66. f7 Rxe7 67.
f8=Q Re5 68. Qf6 Rd5 69. Qb6+ Kd7 70. Kb4 Rf5 71. Qh6 Rd5 72. Qf6 Kc7 73.
Qf7+ Kc6 74. Qe6+ Rd6 75. Qc8+ Kd5 76. Kxb5 Ke5 77. Kc4 Rd4+ 78. Kc3 Rd5
79. Qc7+ Rd6 80. Kc4 Ke6 81. Qc8+ Ke5 82. Qe8+ Re6 83. Qh5+ Kf4 84. Kd5 Re3
85. Qf7+ Kg3 86. Kd4 Rf3 87. Qg7+ Kf2 88. Qg4 Rf8 89. Qh4+ Kg2 90. Qg5+ Kf2
91. Qe3+ Kg2 92. Qe7 Rf2 93. Ke3 Rf3+ 94. Ke4 Rf2 95. Qg5+ Kf1 96. Qg3 Re2+
97. Kd3 Rf2 98. Qh3+ Kg1 99. Qh4 Kg2 100. Ke3 Rf3+ 101. Ke2 Rg3 102. Qe4+
Kg1 103. Qf4 Kg2 104. Qf2+ Kh3 105. Qf5+ Kg2 106. Qe4+ Kg1 107. Qf4 Kg2
108. Qh4 Ra3 109. Qe4+ Kg1 110. Qg4+ Kh1 111. Qh5+ Kg2 112. Qd5+ Kh3 113.
Qd6 Ra5 114. Qd7+ Kg2 115. Qc6+ Kh2 116. Qc7+ Kh3 117. Qxa5 Kg2 118. Qg5+
Kh2 119. Kf2 Kh1 120. Qg2# { Black checkmated } 1-0

[Event "ICC tourney 2266 (75 10)"]
[Site "Internet Chess Club"]
[Date "2021.01.03"]
[Round "5"]
[White "profofchess"]
[Black "icyblizzard"]
[Result "1-0"]
[ICCResult "Black checkmated"]
[WhiteElo "2338"]
[BlackElo "2018"]
[Opening "Sicilian: dragon, Yugoslav attack, Rauser variation"]
[ECO "B76"]
[NIC "SI.17"]
[Time "14:31:58"]
[PlyCount "175"]
[TimeControl "4500+10"]

1. e4 c5 2. Nf3 d6 3. d4 cxd4 4. Nxd4 Nf6 5. Nc3 g6 6. Be3 Bg7 7. f3 O-O 8.
Qd2 Nc6 9. O-O-O d5 10. exd5 Nxd5 11. Nxc6 bxc6 12. Bd4 Bxd4 13. Qxd4 Qb6
14. Qxb6 axb6 15. Nxd5 cxd5 16. a3 Rd8 17. Bc4 Be6 18. Bb3 Rd7 19. Rhe1 Rc8
20. g4 Rcc7 21. Re5 Rc5 22. h3 Rd6 23. Rde1 Rcc6 24. f4 d4 25. Bxe6 fxe6
26. Kd2 Kf7 27. Kd3 Rc7 28. R1e2 h6 29. h4 Kf6 30. h5 gxh5 31. Rxh5 Kg7 32.
Reh2 e5 33. Rxe5 Rg6 34. g5 hxg5 35. fxg5 Rgc6 36. Rhe2 Kf7 37. R5e4 Rc5
38. g6+ Kxg6 39. Rxe7 Rc8 40. Re8 R8c7 41. R2e7 Rxc2 42. Rxc7 Rxc7 43. Re6+
Kf5 44. Rxb6 Ke5 45. Rb5+ Kd6 46. Kxd4 Rh7 47. Rb6+ Kc7 48. Re6 Rh4+ 49.
Re4 Rh3 50. Re3 Rh4+ 51. Kc5 Rh5+ 52. Kb4 Rh4+ 53. Ka5 Rh5+ 54. Ka4 Rh4+
55. b4 Kb6 56. Re6+ Kb7 57. Ka5 Rh5+ 58. b5 Rh7 59. a4 Ka7 60. Re4 Kb7 61.
Kb4 Rg7 62. a5 Ka7 63. Re6 Rh7 64. a6 Rh4+ 65. Ka5 Rh5 66. Rd6 Rc5 67. Rd7+
Ka8 68. Kb4 Rc8 69. b6 Rg8 70. Kc5 Rc8+ 71. Kd6 Rh8 72. Re7 Rd8+ 73. Ke6
Kb8 74. Kf7 Rh8 75. Re8+ Rxe8 76. Kxe8 Kc8 77. Ke7 Kb8 78. Kd7 Ka8 79. b7+
Kb8 80. Kc6 Ka7 81. Kc7 Kxa6 82. b8=Q Ka5 83. Kc6 Ka4 84. Kc5 Ka3 85. Kc4
Ka2 86. Kc3 Ka1 87. Kc2 Ka2 88. Qa8# { Black checkmated } 1-0

[Event "ICC tourney 2266 (75 10)"]
[Site "Internet Chess Club"]
[Date "2021.01.03"]
[Round "5"]
[White "BlueJay01"]
[Black "tirantes"]
[Result "1/2-1/2"]
[ICCResult "Game drawn by mutual agreement"]
[WhiteElo "2098"]
[BlackElo "2423"]
[Opening "English opening"]
[ECO "A20"]
[NIC "EO.24"]
[Time "14:31:45"]
[PlyCount "61"]
[TimeControl "4500+10"]

1. c4 e5 2. g3 g6 3. Bg2 Bg7 4. Nc3 d6 5. Nf3 f5 6. d3 Nf6 7. O-O O-O 8.
Rb1 Nc6 9. b4 h6 10. b5 Ne7 11. a4 Be6 12. Ba3 Qd7 13. c5 b6 14. Nd2 dxc5
15. Bxa8 Rxa8 16. Qc2 f4 17. Nce4 Nfd5 18. Nc4 Nf5 19. Bb2 Nd4 20. Bxd4
exd4 21. f3 Nc3 22. Nxc3 dxc3 23. gxf4 Rd8 24. Rbd1 g5 25. fxg5 hxg5 26.
Kh1 Qf7 27. Rg1 Qg6 28. Qc1 Bf6 29. Rg2 Kh8 30. Rdg1 Rg8 31. e4 { Game
drawn by mutual agreement } 1/2-1/2

[Event "ICC tourney 2266 (75 10)"]
[Site "Internet Chess Club"]
[Date "2021.01.03"]
[Round "5"]
[White "gmRohde"]
[Black "giorgibagaturov"]
[Result "1-0"]
[ICCResult "Black resigns"]
[WhiteElo "2440"]
[BlackElo "2481"]
[Opening "Queen's pawn: Yusupov-Rubinstein system"]
[ECO "A46"]
[NIC "QP.06"]
[Time "14:31:51"]
[PlyCount "105"]
[TimeControl "4500+10"]

1. d4 Nf6 2. Nf3 e6 3. e3 b6 4. Bd3 Bb7 5. O-O Be7 6. Nbd2 c5 7. b3 O-O 8.
Bb2 Nc6 9. a3 Qc7 10. c4 cxd4 11. exd4 d5 12. Rc1 Qf4 13. Qe2 Rfd8 14. Qe3
Qd6 15. h3 Rac8 16. Rfd1 Qb8 17. Ne5 Nxe5 18. dxe5 Nd7 19. b4 a5 20. Bc3
axb4 21. axb4 d4 22. Bxd4 Bxb4 23. Nb3 Nc5 24. Nxc5 Bxc5 25. Bxc5 Rxc5 26.
Be2 g6 27. Rxd8+ Qxd8 28. Rd1 Qh4 29. Rd6 Qe4 30. Qxe4 Bxe4 31. Rxb6 Rxe5
32. f3 Bc6 33. Kf2 Ba4 34. f4 Rc5 35. Ke3 e5 36. fxe5 Rxe5+ 37. Kd2 Kf8 38.
Bf3 Bd7 39. Kd3 Ke7 40. Kd4 Re6 41. Rb7 Rd6+ 42. Bd5 Kd8 43. Ke5 Ra6 44.
Bxf7 Bc6 45. Rb2 Kc7 46. Bd5 Ra3 47. Rf2 Re3+ 48. Kd4 Re7 49. Kc5 Bd7 50.
Ra2 Re1 51. Ra7+ Kd8 52. Kd6 Bf5 53. Ra8+ { Black resigns } 1-0

[Event "ICC tourney 2266 (75 10)"]
[Site "Internet Chess Club"]
[Date "2021.01.03"]
[Round "6"]
[White "kunalsh"]
[Black "mchessmaster"]
[Result "1-0"]
[ICCResult "Black resigns"]
[WhiteElo "2054"]
[BlackElo "1955"]
[Opening "Ruy Lopez: classical (Cordel) defense"]
[ECO "C64"]
[NIC "RL.01"]
[Time "18:06:20"]
[PlyCount "41"]
[TimeControl "4500+10"]

1. e4 e5 2. Nf3 Nc6 3. Bb5 Bc5 4. O-O d6 5. c3 Bg4 6. d3 Nf6 7. h3 Bxf3 8.
Qxf3 h6 9. Qg3 g5 10. Be3 Bb6 11. Nd2 Qe7 12. a4 a5 13. Bxb6 cxb6 14. Nc4
Qc7 15. Qe3 Nd7 16. d4 O-O-O 17. d5 Ncb8 18. b4 Rdf8 19. Rab1 f6 20. bxa5
bxa5 21. Qa7 { Black resigns } 1-0

[Event "ICC tourney 2266 (75 10)"]
[Site "Internet Chess Club"]
[Date "2021.01.03"]
[Round "6"]
[White "BreatheChessAls"]
[Black "rayxu"]
[Result "1/2-1/2"]
[ICCResult "Game drawn by mutual agreement"]
[WhiteElo "1941"]
[BlackElo "1915"]
[Opening "Queen's pawn: London system"]
[ECO "A45"]
[NIC "QP.07"]
[Time "18:06:16"]
[PlyCount "66"]
[TimeControl "4500+10"]

1. d4 Nf6 2. Bf4 e6 3. e3 b6 4. Nd2 Bb7 5. Ngf3 Be7 6. h3 c5 7. dxc5 Bxc5
8. Nc4 d5 9. Nce5 Bd6 10. Bb5+ Ke7 11. O-O a6 12. Bd3 Nc6 13. Nxc6+ Bxc6
14. Nd4 Bb7 15. Bxd6+ Qxd6 16. c3 Rhe8 17. Be2 Kf8 18. Bf3 b5 19. b4 Rac8
20. Rc1 Qb6 21. Nb3 Red8 22. Nc5 Nd7 23. Nxd7+ Rxd7 24. e4 Rcd8 25. e5 d4
26. Bxb7 Qxb7 27. cxd4 Rxd4 28. Qc2 g6 29. Rfd1 Qd5 30. Rxd4 Qxd4 31. Qc5+
Qxc5 32. bxc5 Ke7 33. Rc2 Rd5 { Game drawn by mutual agreement } 1/2-1/2

[Event "ICC tourney 2266 (75 10)"]
[Site "Internet Chess Club"]
[Date "2021.01.03"]
[Round "6"]
[White "BBCC2020"]
[Black "SuperPuzzler"]
[Result "1/2-1/2"]
[ICCResult "Game drawn by mutual agreement"]
[WhiteElo "2193"]
[BlackElo "1969"]
[Opening "King's Indian: 4.e4"]
[ECO "E70"]
[NIC "KI.31"]
[Time "18:06:59"]
[PlyCount "59"]
[TimeControl "4500+10"]

1. d4 Nf6 2. c4 g6 3. Nc3 Bg7 4. e4 d6 5. Bd3 O-O 6. Nge2 c5 7. d5 e6 8.
Ng3 exd5 9. cxd5 a6 10. a4 Nbd7 11. O-O Re8 12. h3 Qc7 13. Be3 Rb8 14. f4
c4 15. Bc2 Nc5 16. Bd4 b5 17. axb5 axb5 18. e5 Nfd7 19. exd6 Qxd6 20. Bxg7
Kxg7 21. Qd4+ Qf6 22. Qxf6+ Nxf6 23. Rfe1 Bd7 24. Nce4 Ncxe4 25. Bxe4 b4
26. Rac1 Rbc8 27. Kf2 c3 28. bxc3 Rxc3 29. Rxc3 bxc3 30. Bf3 { Game drawn
by mutual agreement } 1/2-1/2

[Event "ICC tourney 2266 (75 10)"]
[Site "Internet Chess Club"]
[Date "2021.01.03"]
[Round "6"]
[White "profofchess"]
[Black "e4f5"]
[Result "1-0"]
[ICCResult "Black resigns"]
[WhiteElo "2338"]
[BlackElo "2260"]
[Opening "Sicilian"]
[ECO "B56"]
[NIC "SI.25"]
[Time "18:06:33"]
[PlyCount "43"]
[TimeControl "4500+10"]

1. e4 c5 2. Nf3 d6 3. d4 cxd4 4. Nxd4 Nf6 5. Nc3 Nc6 6. Bb5 Bd7 7. Bg5 e6
8. Qd3 Be7 9. O-O-O O-O 10. Bxc6 bxc6 11. Nb3 a5 12. Bxf6 gxf6 13. Qg3+ Kh8
14. Rxd6 Rg8 15. Qd3 Bxd6 16. Qxd6 e5 17. Rd1 Be6 18. Qxd8 Raxd8 19. Rxd8
Rxd8 20. Nxa5 c5 21. Nb7 c4 22. Nxd8 { Black resigns } 1-0

[Event "ICC tourney 2266 (75 10)"]
[Site "Internet Chess Club"]
[Date "2021.01.03"]
[Round "6"]
[White "Blue-Elephant1"]
[Black "RogerZ"]
[Result "1/2-1/2"]
[ICCResult "Game drawn by mutual agreement"]
[WhiteElo "2120"]
[BlackElo "1930"]
[Opening "King's Indian: Kramer system"]
[ECO "E70"]
[NIC "KI.52"]
[Time "18:06:19"]
[PlyCount "55"]
[TimeControl "4500+10"]

1. d4 Nf6 2. c4 g6 3. Nc3 Bg7 4. e4 d6 5. Nge2 O-O 6. f3 c5 7. d5 e6 8. Ng3
exd5 9. cxd5 h5 10. Be2 h4 11. Nf1 Nbd7 12. Bg5 h3 13. g3 Rb8 14. Nd2 a6
15. a4 Qc7 16. O-O Ne5 17. Bxf6 Bxf6 18. f4 Nd7 19. e5 dxe5 20. f5 Bg7 21.
Nde4 Nf6 22. Nxf6+ Bxf6 23. Bd3 Qb6 24. fxg6 c4+ 25. Kh1 cxd3 26. Qh5 fxg6
27. Qxg6+ Kh8 28. Qh6+ { Game drawn by mutual agreement } 1/2-1/2

[Event "ICC tourney 2266 (75 10)"]
[Site "Internet Chess Club"]
[Date "2021.01.03"]
[Round "6"]
[White "creepycrawlies"]
[Black "greenninja"]
[Result "1-0"]
[ICCResult "Black resigns"]
[WhiteElo "2187"]
[BlackElo "2025"]
[Opening "King's Indian, 3.Nf3"]
[ECO "E60"]
[NIC "KI.80"]
[Time "18:06:57"]
[PlyCount "43"]
[TimeControl "4500+10"]

1. d4 Nf6 2. c4 g6 3. Nf3 Bg7 4. g3 d5 5. cxd5 Nxd5 6. Bg2 Nb6 7. Nc3 Nc6
8. e3 O-O 9. O-O e5 10. d5 Na5 11. Nd2 c6 12. dxc6 Nxc6 13. b3 Be6 14. Ba3
Re8 15. Nde4 a6 16. Nd6 Re7 17. Nxb7 Qxd1 18. Rfxd1 Rc7 19. Nc5 a5 20. Nb5
Rcc8 21. Rac1 Bf8 22. Nxe6 { Black resigns } 1-0

[Event "ICC tourney 2266 (75 10)"]
[Site "Internet Chess Club"]
[Date "2021.01.03"]
[Round "6"]
[White "ryanwang"]
[Black "mr-sosa"]
[Result "1-0"]
[ICCResult "Black resigns"]
[WhiteElo "1911"]
[BlackElo "2086"]
[Opening "Caro-Kann: Forgács variation"]
[ECO "B15"]
[NIC "CK.06"]
[Time "18:06:13"]
[PlyCount "59"]
[TimeControl "4500+10"]

1. e4 c6 2. d4 d5 3. Nd2 dxe4 4. Nxe4 Nf6 5. Nxf6+ exf6 6. Bc4 Bd6 7. Ne2
O-O 8. O-O Bg4 9. h3 Bh5 10. c3 Nd7 11. Qd2 Nb6 12. Bb3 Re8 13. Nf4 Bxf4
14. Qxf4 Nd5 15. Qg3 Qd7 16. Bxd5 Qxd5 17. Be3 Re7 18. b3 Rae8 19. c4 Qf5
20. Rac1 Qa5 21. Rc2 Bg6 22. Rb2 Qc3 23. Bc1 Qxd4 24. Rd2 Qa1 25. f4 f5 26.
Bb2 Qxa2 27. Ra1 Re3 28. Qxe3 Qxa1+ 29. Bxa1 Rxe3 30. Rd8+ { Black resigns
} 1-0

[Event "ICC tourney 2266 (75 10)"]
[Site "Internet Chess Club"]
[Date "2021.01.03"]
[Round "6"]
[White "largecrab"]
[Black "HostilePear"]
[Result "1-0"]
[ICCResult "Black resigns"]
[WhiteElo "2166"]
[BlackElo "1958"]
[Opening "Caro-Kann: classical, Spassky variation"]
[ECO "B19"]
[NIC "CK.12"]
[Time "18:06:23"]
[PlyCount "79"]
[TimeControl "4500+10"]

1. e4 c6 2. d4 d5 3. Nc3 dxe4 4. Nxe4 Bf5 5. Ng3 Bg6 6. h4 h6 7. Nf3 Nd7 8.
h5 Bh7 9. Bd3 Bxd3 10. Qxd3 e6 11. Bf4 Bb4+ 12. c3 Be7 13. O-O-O Ngf6 14.
Kb1 O-O 15. Ne4 Qb6 16. Ne5 Rad8 17. Nxf6+ Bxf6 18. Ng4 Kh8 19. Qe3 Qa5 20.
Ka1 Qf5 21. f3 Bg5 22. Bxg5 Qxg5 23. Qxg5 hxg5 24. Rhe1 Nb6 25. Re5 Rd5 26.
Rde1 Rfd8 27. b3 Rxe5 28. Nxe5 Kg8 29. Kb2 Nd5 30. g3 Nf6 31. g4 Nd5 32.
Nd3 b6 33. c4 Nc7 34. Kc3 f6 35. Nb4 a5 36. Nxc6 Rd6 37. Ne7+ Kf7 38. Nc8
Rc6 39. Na7 Nd5+ 40. Kd2 { Black resigns } 1-0

[Event "ICC tourney 2266 (75 10)"]
[Site "Internet Chess Club"]
[Date "2021.01.03"]
[Round "6"]
[White "Chesssaga"]
[Black "brilliantnessme"]
[Result "1-0"]
[ICCResult "Black resigns"]
[WhiteElo "1995"]
[BlackElo "2032"]
[Opening "Sicilian, Chekhover variation"]
[ECO "B53"]
[NIC "SI.02"]
[Time "18:06:18"]
[PlyCount "87"]
[TimeControl "4500+10"]

1. e4 c5 2. Nf3 d6 3. d4 cxd4 4. Qxd4 Nc6 5. Bb5 Bd7 6. Qd3 Nf6 7. c4 g6 8.
Nc3 Bg7 9. O-O O-O 10. h3 Rc8 11. Be3 Nb4 12. Qd2 Bxb5 13. cxb5 d5 14. exd5
Nfxd5 15. Nxd5 Nxd5 16. Bd4 Qd7 17. Bxg7 Kxg7 18. Qd4+ f6 19. Rfd1 Rfd8 20.
a4 a6 21. bxa6 bxa6 22. b4 Qb7 23. Qd3 Rd6 24. Qe4 Qxb4 25. Rd4 Qc3 26.
Rad1 e6 27. Ng5 fxg5 28. Qe5+ Kh6 29. Qxd6 Nf4 30. Qxa6 Rc6 31. Qf1 Qc2 32.
R1d2 Qf5 33. Ra2 Rc5 34. Qd1 Qe5 35. Kh1 Nd5 36. Ra1 Nc3 37. Qg4 Ra5 38.
Rf1 Qf5 39. Qxf5 gxf5 40. Ra1 Kg6 41. Rc4 Nd5 42. Rb1 Ra6 43. Rb5 Kf6 44.
a5 { Black resigns } 1-0

[Event "ICC tourney 2266 (75 10)"]
[Site "Internet Chess Club"]
[Date "2021.01.03"]
[Round "6"]
[White "dpomerantz135"]
[Black "KittiesRock18"]
[Result "1-0"]
[ICCResult "Black resigns"]
[WhiteElo "2238"]
[BlackElo "1905"]
[Opening "Sicilian"]
[ECO "B56"]
[NIC "SI.25"]
[Time "18:06:51"]
[PlyCount "81"]
[TimeControl "4500+10"]

1. e4 c5 2. Nf3 d6 3. d4 cxd4 4. Nxd4 Nf6 5. Nc3 Nc6 6. f3 e5 7. Nb3 Be7 8.
Be2 Be6 9. Nd5 O-O 10. O-O Bxd5 11. exd5 Qb6+ 12. Kh1 Nb4 13. c4 Na6 14.
Bd2 Nc5 15. Nxc5 Qxc5 16. Bc3 Nh5 17. g3 Qe3 18. Bd2 Qc5 19. f4 Nf6 20.
fxe5 dxe5 21. b4 Qd4 22. Be1 Rac8 23. Qxd4 exd4 24. Rd1 Rfe8 25. Rxd4 Bxb4
26. Bxb4 Rxe2 27. d6 Nd7 28. Re1 Rxa2 29. Re7 Ra1+ 30. Kg2 Ra4 31. Rxd7
Rxb4 32. Rc7 Rd8 33. d7 Rb2+ 34. Kh3 Kf8 35. c5 a5 36. Kg4 Rxh2 37. Rxb7
Rh6 38. Rc7 Ke7 39. c6 Rg6+ 40. Kf3 Rf6+ 41. Kg2 { Black resigns } 1-0

[Event "ICC tourney 2266 (75 10)"]
[Site "Internet Chess Club"]
[Date "2021.01.03"]
[Round "6"]
[White "icyblizzard"]
[Black "GeorgeDai"]
[Result "1-0"]
[ICCResult "Black resigns"]
[WhiteElo "2018"]
[BlackElo "2086"]
[Opening "Caro-Kann: Steinitz variation"]
[ECO "B17"]
[NIC "CK.08"]
[Time "18:07:09"]
[PlyCount "97"]
[TimeControl "4500+10"]

1. e4 c6 2. d4 d5 3. Nc3 dxe4 4. Nxe4 Nd7 5. Nf3 Ngf6 6. Bd3 Nxe4 7. Bxe4
Nf6 8. Bd3 Bg4 9. c3 e6 10. h3 Bh5 11. O-O Bd6 12. Re1 Qc7 13. Be2 O-O 14.
Ne5 Bxe2 15. Qxe2 c5 16. dxc5 Qxc5 17. Bg5 Bxe5 18. Qxe5 Qxe5 19. Rxe5 Rfd8
20. Kf1 h6 21. Be3 Nd5 22. Bd4 Rd6 23. Rae1 Nf4 24. R5e3 Ng6 25. Rg3 Kh7
26. h4 f6 27. Rh3 Nf4 28. Rf3 e5 29. g3 Ne6 30. Be3 Kg6 31. Bc1 Rad8 32. b3
b5 33. Rfe3 Ra6 34. f4 Rxa2 35. fxe5 Nc5 36. e6 Nxb3 37. h5+ Kxh5 38. Rd3
Re8 39. Bf4 Nc5 40. Rd5+ g5 41. Rxc5 Kg4 42. Bc7 f5 43. Rxb5 f4 44. gxf4
gxf4 45. Rb4 Rf8 46. Rxf4+ Rxf4+ 47. Bxf4 Kxf4 48. e7 Kg3 49. Re3+ { Black
resigns } 1-0

[Event "ICC tourney 2266 (75 10)"]
[Site "Internet Chess Club"]
[Date "2021.01.03"]
[Round "6"]
[White "mhebden"]
[Black "KRASAVCHIK"]
[Result "0-1"]
[ICCResult "White resigns"]
[WhiteElo "2503"]
[BlackElo "2648"]
[Opening "Queen's pawn game"]
[ECO "D00"]
[NIC "QP.07"]
[Time "18:07:09"]
[PlyCount "84"]
[TimeControl "4500+10"]

1. d4 Nf6 2. Nc3 d5 3. Bf4 a6 4. e3 e6 5. Bd3 b5 6. Nf3 Bb7 7. O-O Nbd7 8.
Ne5 c5 9. a3 c4 10. Be2 Be7 11. Bf3 O-O 12. Qe2 Nxe5 13. Bxe5 Nd7 14. Bg3
f5 15. h3 Nf6 16. Bh2 Bd6 17. Bxd6 Qxd6 18. g4 Bc6 19. Bg2 a5 20. f4 b4 21.
Nd1 Rfb8 22. a4 Qd7 23. b3 Bb7 24. g5 Ne8 25. Rf2 Ba6 26. Qh5 Rc8 27. Rd2
Rc6 28. Kh2 Rac8 29. Qh4 Nd6 30. Qf2 cxb3 31. cxb3 Ne4 32. Bxe4 dxe4 33.
Raa2 Rc1 34. g6 h6 35. Qh4 Qd5 36. Rab2 Kf8 37. Nf2 R1c3 38. Nd1 Bd3 39.
Nf2 Rxb3 40. Rxb3 Qxb3 41. Rxd3 exd3 42. e4 Qb2 { White resigns } 0-1

[Event "ICC tourney 2266 (75 10)"]
[Site "Internet Chess Club"]
[Date "2021.01.03"]
[Round "6"]
[White "KnightHawk8"]
[Black "DLWarrior"]
[Result "0-1"]
[ICCResult "White checkmated"]
[WhiteElo "2028"]
[BlackElo "1968"]
[Opening "French: Tarrasch, open variation"]
[ECO "C07"]
[NIC "FR.19"]
[Time "18:07:09"]
[PlyCount "84"]
[TimeControl "4500+10"]

1. e4 e6 2. d4 d5 3. Nd2 c5 4. exd5 Qxd5 5. Ngf3 cxd4 6. Bc4 Qd7 7. O-O Nc6
8. Nb3 Nf6 9. Nbxd4 Be7 10. Bb5 a6 11. Ne5 Qc7 12. Nexc6 axb5 13. Nxe7 Qxe7
14. Nxb5 O-O 15. Bg5 Ra5 16. c4 Rd8 17. Qb3 h6 18. Be3 Ra6 19. Rad1 Bd7 20.
a3 e5 21. h3 Nh5 22. c5 Rg6 23. Rd6 Be6 24. Qd1 Rxd6 25. cxd6 Qd7 26. Qxh5
Qxb5 27. Rd1 Qd7 28. Qxe5 Bxh3 29. g3 Bg4 30. Rc1 Bf3 31. Kh2 Rxd6 32. Qf4
Bc6 33. f3 Rf6 34. Qd4 Qf5 35. Qg4 Qe5 36. Rc3 Bxf3 37. Qd4 Qh5+ 38. Qh4
Qb5 39. Rc2 Qd3 40. Rc8+ Kh7 41. Bf2 Qf1 42. Qh3 Qh1# { White checkmated }
0-1

[Event "ICC tourney 2266 (75 10)"]
[Site "Internet Chess Club"]
[Date "2021.01.03"]
[Round "6"]
[White "AJM04"]
[Black "annameiyappan"]
[Result "0-1"]
[ICCResult "White resigns"]
[WhiteElo "2050"]
[BlackElo "1994"]
[Opening "Scandinavian (center counter) defense"]
[ECO "B01"]
[NIC "VO.17"]
[Time "18:06:44"]
[PlyCount "96"]
[TimeControl "4500+10"]

1. e4 d5 2. exd5 Qxd5 3. d4 Nf6 4. Nc3 Qa5 5. Nf3 c6 6. Bd2 Bf5 7. h3 Nbd7
8. Nh4 Bg6 9. Nxg6 hxg6 10. Bc4 Qc7 11. Qe2 Nb6 12. Bb3 e6 13. O-O-O O-O-O
14. Bg5 Be7 15. Kb1 Nfd5 16. Nxd5 Nxd5 17. Bxe7 Qxe7 18. c4 Nf6 19. d5 Rhe8
20. dxc6 bxc6 21. Qe3 Rxd1+ 22. Bxd1 Rd8 23. Bf3 Kb7 24. Rc1 Qd6 25. Rc3
Qd4 26. Qe1 Kc7 27. Rb3 Qc5 28. Ra3 Kb8 29. Qe2 Rd4 30. Rc3 Nd7 31. Ka1 Ne5
32. b4 Qd6 33. c5 Qc7 34. a3 Nxf3 35. Qxf3 Qd7 36. Kb2 Rd2+ 37. Kb3 a5 38.
Qf4+ Ka7 39. Ka4 Rd4 40. Qe3 axb4 41. axb4 Qd5 42. Qf3 Qa2+ 43. Ra3 Qc2+
44. Rb3 Qxc5 45. Qxf7+ Kb6 46. Ka3 Qc1+ 47. Rb2 Rd3+ 48. Ka2 Qc4+ { White
resigns } 0-1

[Event "ICC tourney 2266 (75 10)"]
[Site "Internet Chess Club"]
[Date "2021.01.03"]
[Round "6"]
[White "e4betterthand4"]
[Black "vedrau"]
[Result "1-0"]
[ICCResult "Black checkmated"]
[WhiteElo "2130"]
[BlackElo "2042"]
[Opening "Giuoco Pianissimo"]
[ECO "C55"]
[NIC "IG.01"]
[Time "18:07:28"]
[PlyCount "85"]
[TimeControl "4500+10"]

1. e4 e5 2. Nf3 Nc6 3. Bc4 Nf6 4. d3 Bc5 5. c3 a6 6. Bb3 Ba7 7. Nbd2 O-O 8.
Nf1 d5 9. exd5 Nxd5 10. Bg5 f6 11. Be3 Kh8 12. Bxa7 Rxa7 13. Bxd5 Qxd5 14.
Ne3 Qb5 15. b4 Rd8 16. Qb3 Qxd3 17. Rd1 Qg6 18. Rxd8+ Nxd8 19. O-O Be6 20.
c4 Nf7 21. b5 axb5 22. Qxb5 Nd6 23. Qc5 b6 24. Qb4 Qe8 25. c5 Ra4 26. Qb2
bxc5 27. a3 Qa8 28. Rc1 c4 29. Ra1 h6 30. Nd2 Qa5 31. Qb8+ Kh7 32. Qb1+ g6
33. Nf3 Rxa3 34. Rxa3 Qxa3 35. Qb8 Qc5 36. Qf8 Ne4 37. Qe8 Bf5 38. Qf7+ Kh8
39. g4 Qa5 40. gxf5 gxf5 41. Nxf5 Qa1+ 42. Kg2 Qb2 43. Qg7# { Black
checkmated } 1-0

[Event "ICC tourney 2266 (75 10)"]
[Site "Internet Chess Club"]
[Date "2021.01.03"]
[Round "6"]
[White "tirantes"]
[Black "binomialfactor"]
[Result "1/2-1/2"]
[ICCResult "Game drawn by mutual agreement"]
[WhiteElo "2423"]
[BlackElo "2176"]
[Opening "QGD: Charousek (Petrosian) variation"]
[ECO "D31"]
[NIC "QO.05"]
[Time "18:06:17"]
[PlyCount "87"]
[TimeControl "4500+10"]

1. d4 d5 2. c4 e6 3. Nc3 Be7 4. cxd5 exd5 5. Bf4 c6 6. e3 Bd6 7. Qf3 Ne7 8.
Bxd6 Qxd6 9. Bd3 b6 10. Nge2 Ba6 11. Bxa6 Nxa6 12. O-O O-O 13. Rac1 Nc7 14.
Rfd1 Ne6 15. Qg3 Nf5 16. Qxd6 Nxd6 17. Rc2 Rfc8 18. Rdc1 Kf8 19. Na4 Nd8
20. Nf4 Ke7 21. Nd3 f6 22. b3 Kd7 23. Nf4 Nf5 24. Nc3 Ne6 25. Ncxd5 Nexd4
26. Nxf6+ gxf6 27. exd4 Nxd4 28. Rd2 c5 29. Ne2 Ke6 30. Nxd4+ cxd4 31. Re1+
Kf7 32. Rxd4 Rc2 33. Rd7+ Kg6 34. g4 h5 35. gxh5+ Kxh5 36. Rg7 Kh6 37. Rg3
Rxa2 38. Re4 Ra5 39. Rh4+ Rh5 40. Rf4 Rf8 41. h4 Rd5 42. Kg2 Rf7 43. Rfg4
Kh7 44. Rf4 { Game drawn by mutual agreement } 1/2-1/2